 Dungeon Crawl Stone Soup version 0.19-a0-994-g3c636f0 (webtiles) character file.

123 Charly the Slasher (level 5, -2/34 HPs)
             Began as a Halfling Warper on July 16, 2016.
             Slain by an orc
             ... wielding a +0 trident
              (5 damage)
             ... on level 3 of the Dungeon.
             The game lasted 00:11:53 (870 turns).

Charly the Slasher (Halfling Warper)                 Turns: 870, Time: 00:11:54

Health: -2/34      AC:  4    Str: 11    XL:     5   Next: 28%
Magic:  0/7        EV: 14    Int: 12    God:
Gold:   40         SH:  0    Dex: 15    Spells: 3 memorised, 2 levels left

rFire  . . .     SeeInvis .     a - +0 falchion
rCold  . . .     Gourm    .     b - +0 leather armour
rNeg   . . .     Faith    .     (shield restricted)
rPois  .         Spirit   .     k - +0 helmet
rElec  .         Dismiss  .     (no cloak)
rCorr  .         Reflect  .     (no gloves)
SustAt .         Harm     .     (no boots)
MR     +....                    (no amulet)
Stlth  +.........               (no ring)
                                h - ring of protection from magic

@: somewhat resistant to hostile enchantments, very unstealthy
A: mutation resistance 1
a: no special abilities


You were on level 3 of the Dungeon.
You were hungry.

You visited 1 branch of the dungeon, and saw 4 of its levels.

You collected 40 gold pieces.

Inventory:

Hand Weapons
 a - a +0 falchion (weapon)
Missiles
 e - 5 tomahawks of dispersal (quivered)
Armour
 b - a +0 leather armour (worn)
 k - a +0 helmet (worn)
Jewellery
 h - a ring of protection from magic (left hand)
Scrolls
 d - a scroll of blinking
 m - a scroll of identify {unknown}
 n - a scroll of amnesia {unknown}
Potions
 g - a potion of curing {unknown}
 i - a potion of heal wounds
 l - a potion of flight {unknown}
Books
 c - a book of Spatial Translocations

   Spells                             Type                      Level
   a - Apportation                    Translocation                1
   b - Blink                          Translocation                2
   c - Shroud of Golubria             Charms/Translocation         2
   d - Portal Projectile              Translocation                3
   e - Teleport Other                 Translocation                3
   f - Passage of Golubria            Translocation                4
Comestibles
 f - 2 bread rations
 j - a meat ration


   Skills:
 - Level 1.7 Fighting
 + Level 5.1 Long Blades
 - Level 1.1 Throwing
 - Level 1.1 Armour
 - Level 2.1 Dodging
 - Level 1.5 Spellcasting
 - Level 3.2 Translocations


You had 2 spell levels left.
You knew the following spells:

 Your Spells              Type           Power        Failure   Level  Hunger
a - Apportation           Tloc           #.........   12%         1    ##.....
b - Blink                 Tloc           N/A          17%         2    ###....
g - Shroud of Golubria    Chrm/Tloc      #.........   30%         2    ###....


Dungeon Overview and Level Annotations

Branches:
Dungeon (4/15)
 Temple: D:4-7

Altars:
Ashenzari


Innate Abilities, Weirdness & Mutations

You are small and have problems with some larger weapons.
You are somewhat resistant to further mutation.


Message History

The orc is almost dead.
Your shroud begins to fray at the edges.
The orc closely misses you.
You riposte.
You hit the orc but do no damage.
The orc is almost dead.
Your shroud unravels.
You hit the orc.
You kill the orc!
Casting: Shroud of Golubria
Confirm with . or Enter, or press ? or * to list all spells.
Space distorts slightly along a thin shroud covering your body.
The orc hits you with a trident.
Your shroud falls apart!
Casting: Shroud of Golubria
Confirm with . or Enter, or press ? or * to list all spells.
Space distorts slightly along a thin shroud covering your body.
The orc hits you with a trident!
* * * LOW HITPOINT WARNING * * *
Your shroud falls apart!
The orc hits you from afar with a trident.
You die...

..# ###### #...[......
.#########...)# #..........
.###.....#.#..# #..........
...........#.## #.......... #
..##.###..##.# #........# #
...#.# ##.##.# ##........######
...#.####....#####............#..
..............<.............##..#
...##..#..######@...........##.##
.............#####o.........#..##
s..#####.###....o.............###
...# #..# #######.......).#### #
...# #.## ##........# # ...# #o#
###..#..#.## # ...# ##.#
#......##.# ## ....##..#
##.##.#....# #. #....o.######
#..##..###.# #(


You could see an orc.

Vanquished Creatures
  A wight (D:4)
  4 adders
  A worm (D:4)
  2 dart slugs (D:3)
  7 orcs
  5 bats
  2 giant cockroaches
  2 goblins
  2 hobgoblins
  A kobold (D:3)
  2 quokkas
  A ball python (D:4)
  A giant newt (D:2)
  3 rats (D:3)
34 creatures vanquished.

Notes
Turn   | Place    | Note
-------+----------+-------------------------------------------
     0 | D:1      | Charly the Halfling Warper began the quest for the Orb.
     0 | D:1      | Reached XP level 1. HP: 14/14 MP: 3/3
   113 | D:1      | Reached XP level 2. HP: 14/19 MP: 4/4
   157 | D:2      | Found a shattered altar of Ashenzari.
   186 | D:3      | Reached skill level 3 in Long Blades
   235 | D:2      | Learned a level 2 spell: Shroud of Golubria
   238 | D:2      | Reached XP level 3. HP: 23/24 MP: 2/5
   242 | D:2      | Learned a level 2 spell: Blink
   411 | D:4      | Reached skill level 4 in Long Blades
   411 | D:4      | Reached XP level 4. HP: 11/29 MP: 4/6
   719 | D:3      | Reached XP level 5. HP: 11/34 MP: 2/7
   787 | D:3      | Reached skill level 5 in Long Blades
   870 | D:3      | Slain by an orc

Vault maps used:
D:1:      lemuel_arrival_lava_pool
D:2:      wad_pebble_path, ashenzari_altar_1
D:3:      first_bread, st_stairs_5

Skill      XL: |  1  2  3  4  5 |
---------------+----------------+-----
Long Blades    | 3 4 5 |  5.1
Fighting       | |  1.7
Throwing       | |  1.1
Armour         | |  1.1
Dodging        | |  2.1
Spellcasting   | |  1.5
Translocations | |  3.2

Action                   |  1- 3 |  4- 6 || total
-------------------------+-------+-------++-------
Melee: Falchion          |    80 |    99 ||   179
 Cast: Shroud of Golubri |     5 |    12 ||    17
       Blink             |       |     1 ||     1
  Use: Potion            |       |     1 ||     1
 Stab: Sleeping          |     1 |       ||     1
  Eat: Royal jelly       |     1 |       ||     1
Armor: Leather armour    |    16 |    15 ||    31
Dodge: Dodged            |    48 |    49 ||    97
